 Dungeon Crawl Stone Soup version 0.28-a0-991-g956f0ee3d5 (webtiles) character file.

Game seed: 5695204846393880090

1847 ders the Geomancer (level 9, -15/45 HPs)
             Began as a Gargoyle Earth Elementalist on Dec 5, 2021.
             Was a Follower of Vehumet.
             Demolished by a boulder beetle (21 damage)
             ... on level 7 of the Dungeon.
             The game lasted 00:10:34 (8450 turns).

ders the Geomancer (Gargoyle Earth Elementalist)    Turns: 8450, Time: 00:10:34

Health: -15/45     AC: 11    Str: 12    XL:     9   Next: 12%
Magic:  18/18      EV: 11    Int: 20    God:    Vehumet [*.....]
Gold:   297        SH:  5    Dex: 10    Spells: 16/20 levels left

rFire   . . .      SeeInvis +   f - +2 short sword (vamp)
rCold   . . .      Faith    .   (no shield)
rNeg    + . .      Spirit   .   b - +0 robe
rPois   ∞          Reflect  +   (no helmet)
rElec   +          Harm     .   (no cloak)
rCorr   .          Rampage  .   c - +0 pair of gloves
Will    .....      Clarity  +   l - +1 pair of boots
Stlth   ++........              a - amulet of reflection
HPRegen 0.15/turn               p - ring of see invisible
MPRegen 0.16/turn               (no ring)

@: no status effects
A: sickness immunity, AC +6, negative energy resistance 1, electricity
resistance, torment resistance 1, petrification resistance, clarity, screaming
1, subdued magic 1
a: Renounce Religion


You were on level 7 of the Dungeon.
You worshipped Vehumet.
Vehumet was aware of your devotion.
You visited 2 branches of the dungeon, and saw 8 of its levels.

You collected 297 gold pieces.

Inventory:

Hand Weapons
 f - a +2 vampiric short sword (weapon)
Missiles
 d - 17 stones
Armour
 b - a +0 robe (worn)
 c - a +0 pair of gloves (worn)
 l - a +1 pair of boots (worn)
Jewellery
 a - an amulet of reflection (around neck)
 p - a ring of see invisible (left hand)
Scrolls
 g - a scroll of fog
 k - 2 scrolls of amnesia
 o - a scroll of holy word
 t - a scroll of magic mapping
Potions
 i - 2 potions of attraction
 m - a potion of flight
 q - a potion of haste {unknown}
 u - a potion of might {unknown}


   Skills:
 - Level 1.5 Dodging
 - Level 2.1 Stealth
 + Level 6.4 Spellcasting
 + Level 7.1 Conjurations
 - Level 0.7 Transmutations
 + Level 8.8 Earth Magic


You had 16 spell levels left.
You knew the following spells:

 Your Spells              Type           Power      Damage    Failure   Level
a - Sandblast             Erth           64%        2d14      1%          1
b - Stone Arrow           Conj/Erth      58%        3d10      1%          3

Your spell library contained the following spells:

 Spells                   Type           Power      Damage    Failure   Level
 Magic Dart               Conj           100%       1d8       1%          1
 Passwall                 Tmut/Erth      15%        N/A       1%          2
 Sting                    Tmut/Pois      24%        1d4       7%          1
 Petrify                  Tmut/Erth      19%        N/A       12%         4
 Poisonous Vapours        Pois/Air       8%         N/A       13%         2
 Leda's Liquefaction      Hex/Erth       9%         N/A       13%         4
 Call Canine Familiar     Summ           4%         N/A       26%         3
 Gell's Gravitas          Tloc           4%         N/A       26%         3
 Lesser Beckoning         Tloc           4%         N/A       26%         3
 Portal Projectile        Hex/Tloc       8%         N/A       26%         3
 Teleport Other           Tloc           4%         N/A       26%         3
 Olgreb's Toxic Radiance  Pois           4%         N/A       65%         4


Dungeon Overview and Level Annotations

Branches:
Dungeon (7/15)             Temple (1/1) D:4

Altars:
Ashenzari
Cheibriados
Dithmenos
Elyvilon
Fedhas
Gozag
Hepliaklqana
Kikubaaqudgha
Makhleb
Nemelex Xobeh
Okawaru
Qazlal
Ru
Sif Muna
Trog
Uskayaw
Vehumet
Wu Jian
Xom
Yredelemnul
The Shining One

Shops:
D:7 *(


Innate Abilities, Weirdness & Mutations

You are immune to sickness and miasma.
Your stone body is resilient. (AC +6)
You are immune to poison.
You resist negative energy. (rN+)
You are resistant to electric shocks. (rElec)
You are resistant to unholy torment.
You are immune to petrification.
You possess an exceptional clarity of mind.
You occasionally shout uncontrollably at your foes.
Your spells are a little easier to cast, but a little less powerful.


Message History

Press: ? - help, Shift-Dir - straight line, f/p - orc wizard
Aim: an orc wizard, wielding a +0 dagger and wearing a +0 robe (almost dead, slightly transparent, 77% to hit)
The blast of sand hits the orc wizard!
You kill the orc wizard!
Vehumet accepts your kill.
Unknown command.
You start resting.
HP restored.
You start resting.
Magic restored.
Items here: )) [[ †.
Things that are here:
a +0 hand axe; a +0 leather armour; an orc corpse
Things that are here:
a +0 club; an orc corpse
Things that are here:
a +0 hand axe; a +0 leather armour; an orc corpse You open the door.
A boulder beetle comes into view.
The boulder beetle curls into a ball and begins rolling!
A boulder beetle is nearby!
There is an open door here.
The boulder beetle barely misses you.
The boulder beetle stops rolling and uncurls.
The boulder beetle curls into a ball and begins rolling!
The boulder beetle hits you!!
Ouch! That really hurt!
The boulder beetle stops rolling and uncurls.
The boulder beetle curls into a ball and begins rolling!
Things that are here:
a +0 hand axe; a +0 leather armour; an orc corpse
Things that are here:
a +0 club; an orc corpse
Okay, then.
Okay, then.
The boulder beetle hits you!!
* * * LOW HITPOINT WARNING * * *
The boulder beetle stops rolling and uncurls.
You feel better. The boulder beetle bites you!!
You die...

#.## #.##.#
#..####.##.##########
#####..##...)...°°......####
#.......#.#.##.###○........#
#.....#.#.#.##.# #.........#
#.....#.#.#.##)# #.........#
#####.#.).#.##°# #.........#
#.##..#.##B# #.........#
#.#......#@# #.........#
#.#...#..#.# ######'####
******#.#......#.# #.#
,,,,,,*,#...(..#.# #○#
,,,,,,*,#......#.# #B#
,,,,,**<#.#....#.# #°#
,**,,**,#......#.# #.#******
,**,,,,,#........# #..,,,,,,
,,,∩,,,,,,*,*'*******
########***


You could see a boulder beetle.

Vanquished Creatures
  Prince Ribbit (D:6)
  A water moccasin (D:7)
  An ice beast (D:6)
  A sky beast (D:6)
  An orc warrior (D:7)
  A necrophage (D:6)
  An ogre (D:6)
  A centaur (D:7)
  A phantom (D:6)
  A kobold brigand (D:7)
  2 scorpions
  A wyvern skeleton (D:7)
  3 howler monkeys (D:7)
  A centaur zombie (D:6)
  2 hounds
  2 orc priests
  A gnoll shaman (D:6)
  A bullfrog skeleton (D:7)
  2 iguanas
  5 orc wizards
  A killer bee zombie (D:6)
  A hound skeleton (D:4)
  3 gnolls (D:6)
  6 adders
  An ufetubus (D:5)
  4 worms
  15 orcs
  9 ball pythons
  7 endoplasms
  2 giant cockroaches
  6 goblins
  9 hobgoblins
  13 kobolds
  A quokka (D:3)
  3 bats
  2 frilled lizards
  A quokka skeleton (D:4)
  A rat (D:3)
115 creatures vanquished.

Notes
Turn   | Place    | Note
-------+----------+-------------------------------------------
     0 | D:1      | ders the Gargoyle Earth Elementalist began the quest for
                  | the Orb.
     0 | D:1      | Reached XP level 1. HP: 10/10 MP: 3/3
   256 | D:1      | Reached XP level 2. HP: 15/15 MP: 1/5
   336 | D:1      | Reached skill level 1 in Conjurations
   576 | D:1      | Reached skill level 4 in Earth Magic
   771 | D:1      | Found a faded altar of an unknown god.
   791 | D:1      | Reached XP level 3. HP: 19/19 MP: 4/6
  1103 | D:2      | Found a white marble altar of Elyvilon.
  1139 | D:2      | Became a worshipper of Elyvilon the Healer
  1330 | D:2      | Learned a level 3 spell: Stone Arrow
  1387 | D:2      | Elyvilon protects you from harm!
  1416 | D:2      | Gained mutation: You possess an exceptional clarity of
                  | mind. [potion of mutation]
  1416 | D:2      | Gained mutation: Your spells are a little easier to cast,
                  | but a little less powerful. [potion of mutation]
  1416 | D:2      | Gained mutation: You occasionally shout uncontrollably at
                  | your foes. [potion of mutation]
  2094 | D:2      | Reached * piety under Elyvilon
  2587 | D:3      | Reached XP level 4. HP: 13/24 MP: 0/8
  2741 | D:3      | Reached ** piety under Elyvilon
  3642 | D:4      | Noticed a scorpion
  3675 | D:4      | Killed a scorpion
  3676 | D:4      | Reached skill level 5 in Earth Magic
  3676 | D:4      | Reached XP level 5. HP: 28/28 MP: 0/9
  4274 | D:4      | Found a staircase to the Ecumenical Temple.
  4310 | Temple   | Entered the Ecumenical Temple
  4703 | Temple   | Fell from the grace of Elyvilon
  4703 | Temple   | Became a worshipper of Vehumet
  4761 | D:4      | Reached XP level 6. HP: 32/32 MP: 4/11
  4864 | D:4      | Noticed a necrophage
  4889 | D:5      | Entered Level 5 of the Dungeon
  5393 | D:4      | You fall into a shaft and drop 3 floors!
  5502 | D:6      | Reached skill level 6 in Earth Magic
  5574 | D:6      | Noticed a sky beast
  5605 | D:6      | Killed a sky beast
  5606 | D:6      | Reached XP level 7. HP: 26/36 MP: 3/13
  5881 | D:6      | Reached skill level 5 in Conjurations
  6299 | D:6      | Reached skill level 7 in Earth Magic
  6403 | D:6      | Reached skill level 5 in Spellcasting
  6403 | D:6      | Reached XP level 8. HP: 40/41 MP: 8/15
  6604 | D:7      | Noticed Prince Ribbit
  6604 | D:7      | Found Kutojanah's Antique Weapon Shop.
  6637 | D:6      | Killed Prince Ribbit
  7272 | D:7      | Reached skill level 8 in Earth Magic
  7319 | D:7      | Reached * piety under Vehumet
  7319 | D:7      | Offered knowledge of Magic Dart by Vehumet.
  7415 | D:7      | Found Vuutyrphuorr's General Store.
  8176 | D:7      | Reached XP level 9. HP: 45/45 MP: 11/18
  8433 | D:7      | Noticed a boulder beetle
  8449 | D:7      | HP: 1/45 [boulder beetle (20)]
  8450 | D:7      | Demolished by a boulder beetle

Illustrated notes

Levels and vault maps discovered:
D:1:      wander_arrival_peaceful_grave, layout_loops_cross,
          shapermc_ecumenical_altar_mp_vishouse, chequers_serial_rivers_micro_b,
          minmay_unequal
D:2:      layout_basic, basic_altar, minmay_fractal_squares_5
D:3:      layout_loops_cross
D:4:      layout_gridville, minmay_temple_entry_water_ring,
          chequers_serial_rivers_marsh
D:5:      layout_layer_cave, lightli_sewer_entry_pipes, uniq_duvessa
D:6:      layout_basic
D:7:      layout_basic, serial_shops, nicolae_take_the_stairs,
          nicolae_square_shop, nicolae_lakefront_shop, nicolae_stop_n_shop_2,
          uniq_prince_ribbit1
Temple:   mainiacjoe_temple_trianglar_array

Skill      XL: |  1  2  3  4  5  6  7  8  9 |
---------------+----------------------------+-----
Conjurations   | 1 2 3 4 5 6 7 |  7.1
Earth Magic    | 4 5 6 7 8 |  8.8
Spellcasting   | 3 4 5 6 |  6.4
Dodging        | |  1.5
Stealth        | |  2.1
Transmutations | |  0.7

Action                   |  1- 3 |  4- 6 |  7- 9 || total
-------------------------+-------+-------+-------++-------
Melee: Short sword       |    43 |    51 |    38 ||   132
 Cast: Sandblast         |    41 |    34 |    11 ||    86
       Stone Arrow       |    12 |    38 |    68 ||   118
  Use: Scroll            |     3 |       |     9 ||    12
       Potion            |     3 |       |     2 ||     5
Armor: Robe              |    12 |    33 |    15 ||    60
       Skin              |     8 |       |       ||     8
Dodge: Dodged            |    25 |    38 |    32 ||    95
Block: Other             |       |    16 |    11 ||    27
       Reflection        |       |       |     1 ||     1

Table legend: (Time is in decaauts)
 A = Elapsed time spent in this place.
 B = Non-inter-level travel time spent in this place.
 C = Inter-level travel time spent in this place.
 D = Time resting spent in this place.
 E = Time spent auto-exploring this place.
 F = Levels seen in this place.
 G = Mean time per level.
                   A        B        C        D        E       F      G
               +--------+--------+--------+--------+--------+-----+--------+
         Total |   8423 |   8163 |    260 |   2697 |   4447 |   8 | 1052.9 |
       Dungeon |   7999 |   7787 |    212 |   2697 |   4074 |   7 | 1142.7 |
        Temple |    423 |    375 |     48 |      0 |    373 |   1 |  423.0 |
               +--------+--------+--------+--------+--------+-----+--------+

Top non-repeatable levels by time:
     D:6: 1791 daAuts
     D:2: 1425 daAuts
     D:7: 1257 daAuts
     D:4: 1184 daAuts
     D:1: 1101 daAuts
     D:3: 1009 daAuts
  Temple: 423 daAuts
     D:5: 228 daAuts
